 Dungeon Sprint DCSS version 0.31-a0-154-g56bf346678 (webtiles) character file.

Game seed: 7523599985180212423

1055 rocky1 the Eclecticist (level 10, -6/54 HPs)
             Began as a Deep Elf Earth Elementalist on June 12, 2023.
             Was the Champion of Vehumet.
             Mangled by a mummy (16 damage)
             ... in the Dungeon (Sprint VI: "Thunderdome").
             The game lasted 00:09:51 (1341 turns).

rocky1 the Eclecticist (DEEE)                       Turns: 1341, Time: 00:09:51

Health: -6/54      AC:  2    Str:  7    XL:     10   Next: 67%
Magic:  18/34      EV: 16    Int: 23    God:    Vehumet [******]
Gold:   851        SH:  0    Dex: 15    Spells: 40/45 levels left

rFire   + . .        (no weapon)
rCold   + . .        (no shield)
rNeg    . . .        c - +0 robe {rC+ rF+}
rPois   .            (no helmet)
rElec   .            (no cloak)
rCorr   .            (no gloves)
SInv    .            (no boots)
Will    +....        (no amulet)
Stlth   +++          (no ring)
HPRegen 0.29/turn    (no ring)
MPRegen 0.24/turn

%: no teleportation
@: no status effects
A: no striking features
}: 1/15 runes: serpentine
a: Renounce Religion


You were in the Dungeon.
You worshipped Vehumet.
Vehumet was exalted by your worship.
You visited 1 branch You collected 1220 gold pieces.
You spent 369 gold pieces at shops.

Inventory:

Armour
 a - a +0 robe
 c - a +0 robe of resistance (worn)
Jewellery
 l - the ring of the Robin {rPois rC- rN+ Int+3 Slay+3}
   (You bought it in a shop in the Dungeon)

   [ring of poison resistance]

   Int:       It affects your intelligence (+3).
   Slay:      It affects your accuracy & damage with ranged weapons and melee
   (+3).
   rC:        It makes you vulnerable to cold.
   rPois:     It protects you from poison.
   rN:        It protects you from negative energy.
 m - the ring "Ycsihuth" {rElec rN+ MP+9 Str-4}
   (You bought it in a shop in the Dungeon)

   [ring of magical power]

   Str:       It affects your strength (-4).
   rElec:     It insulates you from electricity.
   rN:        It protects you from negative energy.
   MP:        It affects your magic capacity (+9).
 n - the amulet "Tophaimn" {Acrobat rPois rF+ Dex-4 Slay+4}
   (You bought it in a shop in the Dungeon)

   [amulet of the acrobat]

   It increases your evasion while moving and waiting.
   Dex:       It affects your dexterity (-4).
   Slay:      It affects your accuracy & damage with ranged weapons and melee
   (+4).
   rF:        It protects you from fire.
   rPois:     It protects you from poison.
 o - the amulet "Zithis" {Reflect *Corrode rF+ Dex+2 SH+5}
   (You bought it in a shop in the Dungeon)

   [amulet of reflection]

   It reflects blocked missile attacks.
   Dex:       It affects your dexterity (+2).
   rF:        It protects you from fire.
   *Corrode:  It may corrode you when you take damage.
   SH:        It affects your SH (+5).
Wands
 i - a wand of acid (1)
Scrolls
 k - 3 scrolls of fog
Potions
 d - 4 potions of heal wounds
 e - 4 potions of haste
 f - a potion of berserk rage
 h - a potion of resistance
 j - a potion of mutation {unknown}
 p - 4 potions of curing


   Skills:
 + Level 2.7 Fighting
 + Level 8.5 Dodging
 + Level 7.0 Stealth
 + Level 18.1 Spellcasting
 + Level 9.6 Conjurations
 + Level 2.0 Transmutations
 + Level 17.1 Earth Magic
 + Level 4.3 Evocations


You had 40 spell levels left.
You knew the following spells:

 Your Spells              Type           Power      Damage    Failure   Level
a - Sandblast             Erth           100%       2d20      0%          1
b - Stone Arrow           Conj/Erth      100%       3d13      1%          3
c - Shock                 Conj/Air       100%       1d9       1%          1

Your spell library contained the following spells:

 Spells                   Type           Power      Damage    Failure   Level
 Arcjolt                  Conj/Air       21%        1d31      2%          5
 Passwall                 Tmut/Erth      50%        N/A       1%          2
 Petrify                  Tmut/Erth      60%        N/A       1%          4


Dungeon Overview and Level Annotations

Branches:
Dungeon (1/1)

Altars:
Cheibriados
Dithmenos
Fedhas
Gozag
Kikubaaqudgha
Makhleb
Okawaru
Qazlal
Ru
Sif Muna
Trog
Uskayaw
Vehumet
Wu Jian
Xom
Yredelemnul
Zin
The Shining One
Lugonu

Shops:
D *[??*?*:[((!!!!


Message History

The blast of sand hits the mummy!!
You destroy the mummy!
Vehumet accepts your kill.
You feel your power returning.
Casting: Sandblast (safe; 0% risk of failure)
Confirm with . or Enter, or press ? or * to list all spells.
Aiming: Sandblast (safe; 0% risk of failure)
Press: ? - help, Shift-Dir - straight line, f - mummy
Aim: a mummy (93% to hit)
The blast of sand hits the mummy.
The mummy is moderately damaged.
Casting: Sandblast (safe; 0% risk of failure)
Confirm with . or Enter, or press ? or * to list all spells.
Aiming: Sandblast (safe; 0% risk of failure)
Press: ? - help, Shift-Dir - straight line, f/p - mummy
Aim: a mummy (moderately damaged, 93% to hit)
The blast of sand hits the mummy!!
You destroy the mummy!
Vehumet accepts your kill.
You feel your power returning.
Casting: Sandblast (safe; 0% risk of failure)
Confirm with . or Enter, or press ? or * to list all spells.
Aiming: Sandblast (safe; 0% risk of failure)
Press: ? - help, Shift-Dir - straight line, f - mummy
Aim: a mummy (93% to hit)
The blast of sand hits the mummy.
The mummy is moderately damaged.
Unknown command.
Casting: Sandblast (safe; 0% risk of failure)
Confirm with . or Enter, or press ? or * to list all spells.
Aiming: Sandblast (safe; 0% risk of failure)
Press: ? - help, Shift-Dir - straight line, f/p - mummy
Aim: a mummy (moderately damaged, 93% to hit)
The blast of sand hits the mummy!
You destroy the mummy!
Vehumet accepts your kill.
You feel your power returning. The mummy hits you!
* * * LOW HITPOINT WARNING * * *
The mummy hits you!
You die...

#)......._#
###...÷.....###
#⌠..÷.[......⌠#
######.8[........8.###
##.___.÷....###......__
###∩.....÷..8.# #.8......
##.............###........
#⌠..........###...###.....
#⌠.......@..# #.<.# #.....
#⌠......MMM.###...###.....
##......)......###........
###∩........8.# #.8......
##∩___......###......__
######.8.........8.###
#⌠...........⌠#
###.........###
#_......._#


You could see 3 mummies.

Vanquished Creatures
  A naga warrior (D)
  2 guardian mummies (D)
  8 polar bears (D)
  Sigmund (D)
  8 neqoxecs (D)
  Grum (D)
  A water moccasin (D)
  A floating eye (D)
  4 wolves (D)
  A hound (D)
  5 jellies (D)
  An iguana (D)
  3 mummies (D)
  3 adders (D)
  A dart slug (D)
  A hobgoblin (D)
  4 ball pythons (D)
46 creatures vanquished.

Notes
Turn   | Place    | Note
-------+----------+-------------------------------------------
     0 | D        | rocky1 the Deep Elf Earth Elementalist began the quest for
                  | the Orb.
     0 | D        | Reached XP level 1. HP: 10/10 MP: 6/6
     4 | D        | Found an iron altar of Okawaru.
     5 | D        | Found a radiant altar of Vehumet.
     5 | D        | Round 1.
     6 | D        | Found a snail-covered altar of Cheibriados.
     6 | D        | Found a bloodstained altar of Trog.
     7 | D        | Found Leumun's Identification Station.
     7 | D        | Found a corrupted altar of Lugonu.
     7 | D        | Found a glowing golden altar of the Shining One.
     8 | D        | Found Vaudd's Advanced Armour.
     8 | D        | Found Zamu's Jewellery.
     8 | D        | Noticed Sigmund
    10 | D        | Noticed an iguana
    13 | D        | Became a worshipper of Vehumet
    15 | D        | Killed an iguana
    16 | D        | Reached skill level 4 in Spellcasting
    16 | D        | Reached skill level 5 in Earth Magic
    16 | D        | Reached XP level 2. HP: 15/15 MP: 7/9
    22 | D        | Killed Sigmund
    22 | D        | Reached * piety under Vehumet
    22 | D        | Offered knowledge of Freeze by Vehumet.
    23 | D        | Reached skill level 5 in Dodging
    23 | D        | Reached skill level 7 in Spellcasting
    23 | D        | Reached skill level 1 in Evocations
    23 | D        | Reached XP level 3. HP: 3/19 MP: 7/13
    23 | D        | Reached XP level 4. HP: 4/24 MP: 8/15
    23 | D        | Reached XP level 5. HP: 5/28 MP: 8/16
    50 | D        | Bought a fine glass ring for 45 gold pieces
    50 | D        | Identified the ring of the Robin {rPois rC- rN+ Int+3
                  | Slay+3} (You bought it in a shop in the Dungeon)
    50 | D        | Bought a bound amber ring for 45 gold pieces
    50 | D        | Identified the ring "Ycsihuth" {rElec rN+ MP+9 Str-4} (You
                  | bought it in a shop in the Dungeon)
    50 | D        | Bought a flickering tin amulet for 45 gold pieces
    50 | D        | Identified the amulet "Tophaimn" {Acrobat rPois rF+ Dex-4
                  | Slay+4} (You bought it in a shop in the Dungeon)
    50 | D        | Bought a fine graven amulet for 45 gold pieces
    50 | D        | Identified the amulet "Zithis" {Reflect *Corrode rF+ Dex+2
                  | SH+5} (You bought it in a shop in the Dungeon)
    55 | D        | Found a shadowy altar of Dithmenos.
    55 | D        | Found an ornate altar of the Wu Jian Council.
    70 | D        | Found an ancient bone altar of Kikubaaqudgha.
    71 | D        | Found Fiezxiuh's Premium Goods.
    73 | D        | Found a basalt altar of Yredelemnul.
    73 | D        | Found a stormy altar of Qazlal.
    73 | D        | Found Nyastrut's Weapon Rack.
    75 | D        | Found Himmium's Miscellaneous Merchandise.
    75 | D        | Found Hoqaumiv's Basic Armour.
    79 | D        | Found a shimmering altar of Xom.
    80 | D        | Found an opulent altar of Gozag.
    84 | D        | Found Giudimpa's Do-It-Yourself Clinic.
    85 | D        | Found a blossoming altar of Fedhas.
    85 | D        | Found a hide-covered altar of Uskayaw.
    85 | D        | Found a sacrificial altar of Ru.
    85 | D        | Found Zasosun's Distillery.
    86 | D        | Found Qouts's Bottled Wisdom.
    86 | D        | Found Jyish's Distillery.
    92 | D        | Found a shimmering blue altar of Sif Muna.
    96 | D        | Found a burning altar of Makhleb.
    98 | D        | Found a glowing silver altar of Zin.
   100 | D        | Found Yceh's Staff Store.
   101 | D        | Found Koisen's Magic Scroll Shop.
   102 | D        | Found Vyosorao's Must-Have Magic.
   102 | D        | Found Ewuysece's Magic Scroll Shop.
   130 | D        | Reached skill level 5 in Stealth
   134 | D        | Arena points: 14 (+14) [x2]
   201 | D        | Round 2.
   225 | D        | Reached ** piety under Vehumet
   225 | D        | Offered knowledge of Shock by Vehumet.
   240 | D        | Learned a level 3 spell: Stone Arrow
   242 | D        | Learned a level 1 spell: Shock
   254 | D        | Offered knowledge of Momentum Strike by Vehumet.
   275 | D        | Noticed a water moccasin
   280 | D        | Killed a water moccasin
   280 | D        | Reached *** piety under Vehumet
   281 | D        | Reached skill level 8 in Spellcasting
   281 | D        | Reached skill level 10 in Earth Magic
   281 | D        | Reached XP level 6. HP: 32/32 MP: 17/19
   323 | D        | Arena points: 56 (+42) [x3]
   344 | D        | Round 3.
   393 | D        | Reached skill level 9 in Spellcasting
   408 | D        | Noticed a floating eye
   410 | D        | Killed a floating eye
   410 | D        | Reached **** piety under Vehumet
   453 | D        | Offered knowledge of Mephitic Cloud by Vehumet.
   454 | D        | Reached skill level 10 in Spellcasting
   454 | D        | Reached XP level 7. HP: 36/36 MP: 19/22
   458 | D        | Arena points: 140 (+84) [x4]
   512 | D        | Bought 4 potions of curing for 84 gold pieces
   512 | D        | Bought 3 potions of heal wounds for 105 gold pieces
   522 | D        | Round 4.
   532 | D        | Noticed Grum
   537 | D        | Killed Grum
   537 | D        | Reached ***** piety under Vehumet
   582 | D        | Reached skill level 11 in Spellcasting
   623 | D        | Offered knowledge of Olgreb's Toxic Radiance by Vehumet.
   645 | D        | Reached skill level 12 in Spellcasting
   648 | D        | Arena points: 280 (+140) [x5]
   649 | D        | Reached XP level 8. HP: 28/41 MP: 19/26
   705 | D        | Round 5.
   706 | D        | Noticed a naga warlord
   728 | D        | Killed a naga warlord
   728 | D        | Arena points: 560 (+280) [x7]
   729 | D        | Reached skill level 14 in Spellcasting
   729 | D        | Got a serpentine rune of Zot
   733 | D        | Reached skill level 5 in Conjurations
   733 | D        | Reached skill level 15 in Earth Magic
   733 | D        | Reached XP level 9. HP: 40/49 MP: 17/29
   937 | D        | Round 6.
   938 | D        | Noticed a polar bear
   943 | D        | Killed a polar bear
   943 | D        | Offered knowledge of Sticky Flame by Vehumet.
   944 | D        | Reached skill level 15 in Spellcasting
   944 | D        | Noticed a polar bear
   950 | D        | Killed a polar bear
   958 | D        | Noticed a polar bear
   963 | D        | Killed a polar bear
   964 | D        | Reached XP level 10. HP: 54/54 MP: 10/31
  1024 | D        | Reached skill level 16 in Spellcasting
  1062 | D        | Arena points: 992 (+432) [x8]
  1122 | D        | Round 7.
  1141 | D        | Reached ****** piety under Vehumet
  1142 | D        | Reached skill level 17 in Spellcasting
  1194 | D        | Offered knowledge of Flame Wave by Vehumet.
  1303 | D        | Arena points: 1055 (+63) [x1]
  1318 | D        | Round 8.
  1329 | D        | Offered knowledge of Arcjolt by Vehumet.
  1333 | D        | Reached skill level 18 in Spellcasting
  1341 | D        | Mangled by a mummy

Illustrated notes

Levels and vault maps discovered:
D:        arena_sprint

Skill      XL: |  1  2  3  4  5  6  7  8  9 10 |
---------------+-------------------------------+-----
Dodging        | 3 5 6 7 8 |  8.5
Stealth        | 3 4 5 6 7 |  7.0
Spellcasting   | 4 7 8 10 12 14 15 18 | 18.1
Earth Magic    | 5 9 10 12 13 15 17 | 17.1
Evocations     | 1 2 3 4 |  4.3
Transmutations | 2 |  2.0
Conjurations   | 5 6 9 |  9.6
Fighting       | 2 |  2.7

Action                     |  1- 3 |  4- 6 |  7- 9 | 10-12 || total
---------------------------+-------+-------+-------+-------++-------
   Cast: Sandblast         |       |    17 |    10 |     5 ||    32
         Stone Arrow       |       |       |    22 |    51 ||    73
  Evoke: Wand              |     3 |       |     5 |     1 ||     9
    Use: Potion            |     1 |     1 |     4 |     2 ||     8
         Scroll            |       |       |     3 |     1 ||     4
 Armour: Robe              |     1 |       |     1 |       ||     2
  Dodge: Dodged            |     6 |       |     8 |     3 ||    17

Table legend: (Time is in decaauts)
 A = Elapsed time spent in this place.
 B = Non-inter-level travel time spent in this place.
 C = Inter-level travel time spent in this place.
 D = Time resting spent in this place.
 E = Time spent auto-exploring this place.
 F = Levels seen in this place.
 G = Mean time per level.
                   A        B        C        D        E       F      G
               +--------+--------+--------+--------+--------+-----+--------+
         Total |   1356 |   1356 |      0 |    715 |      0 |   1 | 1356.0 |
       Dungeon |   1356 |   1356 |      0 |    715 |      0 |   1 | 1356.0 |
               +--------+--------+--------+--------+--------+-----+--------+

Top non-repeatable levels by time:
       D: 1356 daAuts
